 Dungeon Crawl Stone Soup version 0.31-a0-544-gceb718ecc6 (webtiles) character file.

Game seed: 345205201051349125

139 lunkers the Ruffian (level 5, -3/22 HPs)
             Began as a Meteoran Shapeshifter on Aug 15, 2023.
             Was an Initiate of Gozag.
             Slain by a gnoll bouda
             ... wielding a +0 club
              (4 damage)
             ... on level 4 of the Dungeon.
             The game lasted 00:03:33 (1652 turns).

lunkers the Ruffian (Meteoran Shapeshifter)         Turns: 1652, Time: 00:03:34

Health: -3/22      AC:  3    Str: 23    XL:     5   Next: 75%
Magic:  6/6        EV: 12    Int:  9    God:    Gozag
Gold:   143        SH:  4    Dex: 16    Spells: 4/4 levels left

rFire   . .          .
                       - Unarmed
rCold   . . .        x - +0 buckler
rNeg    . . .        l - melded +0 ring mail
rPois   .            w - +0 helmet
rElec   .            (no cloak)
rCorr   .            k - +0 pair of gloves
SInv    .            r - +0 pair of boots
Will    .....        (no amulet)
Stlth   +            t - +6 ring of strength
HPRegen 0.23/turn    (no ring)
MPRegen 0.10/turn

%: no passive effects
@: maw-form, weakened, gold aura, glowing
A: devouring maw, reduced hp, sense surroundings 1, otherworldly, glowing,
explore regen
a: Begin Untransformation, Renounce Religion, Potion Petition, Call Merchant,
Bribe Branch


You were on level 4 of the Dungeon.
You worshipped Gozag.
Gozag was aware of your devotion.
You were a creature with a mouth for a stomach.
You visited 2 branches of the dungeon, and saw 5 of its levels.

You collected 210 gold pieces.
You paid 67 gold pieces to Gozag.

Inventory:

Armour
 a - a +0 animal skin
 k - a +0 pair of gloves (worn)
 l - a +0 ring mail (melded)
 r - a +0 pair of boots (worn)
 w - a +0 helmet (worn)
 x - a +0 buckler (worn)
Jewellery
 n - a ring of fire
 t - a +6 ring of strength (left hand)
Talismans
 c - a beast talisman
 d - a flux talisman
 q - a maw talisman (active)
Scrolls
 b - 2 scrolls of teleportation {unknown}
 e - a scroll of identify {unknown}
 f - a scroll of fear {unknown}
 j - a scroll of fog {unknown}
 m - a scroll of noise {unknown}
 s - 2 scrolls of torment {unknown}
 v - a scroll of revelation {unknown}
Potions
 g - a potion of brilliance {unknown}
 h - a potion of degeneration {unknown}
 i - a potion of invisibility {unknown}
 o - a potion of haste {unknown}
 p - 2 potions of might {unknown}
 u - a potion of berserk rage {unknown}


   Skills:
 - Level 1.1 Fighting
 - Level 2.1 Dodging
 * Level 6.0 Unarmed Combat
 + Level 4.6 Shapeshifting


You had 4 spell levels left.
You didn't know any spells.
Your spell library contained the following spells:

 Spells                   Type           Power      Damage    Failure   Level
 Volatile Blastmotes      Fire/Tloc      0%         2d10      83%         3
 Fulminant Prism          Conj/Hex       0%         3d5       99%         4
 Iskenderun's Mystic Bla  Conj/Tloc      0%         2d3       99%         4


Dungeon Overview and Level Annotations

Branches:
Dungeon (4/15) Zot: 774    Temple (1/1) D:4 Zot: 581

Altars:
Ashenzari
Cheibriados
Dithmenos
Fedhas
Gozag
Hepliaklqana
Kikubaaqudgha
Nemelex Xobeh
Uskayaw
Xom


Innate Abilities, Weirdness & Mutations

You are a creature with a mouth for a stomach.
Your midsection houses a second, enormous mouth.
Your maximum health is decreased, since you lack skill for your form.
You passively map a small area around you.
You are easily found by Zot.
You glow in the dark.
You regain HP and MP as you explore.


Message History

The giant cockroach barely misses you.
You miss the hound. Your bite misses the hound. The hound barely misses you.
The giant cockroach barely misses you.
A gnoll comes into view. It is wielding a +0 halberd.
You hit the hound.
The hound is moderately wounded.
The hound bites you. The giant cockroach barely misses you.
The hound bites you.
The gnoll bouda gazes fiercely through you!
You feel your attacks grow feeble.
The gnoll bouda hits you with a +0 club.
* * * LOW HITPOINT WARNING * * *
You hit the hound.
The hound is heavily wounded.
You block the giant cockroach's attack. You block the hound's attack.
A gnoll comes into view. It is wielding a +0 whip.
A goblin comes into view. It is wielding a +0 club.
You block the gnoll bouda's attack.
The giant cockroach bites you but does no damage.
You punch the hound!
You kill the hound!
The gnoll hits you from afar with a +0 halberd.
* * * LOW HITPOINT WARNING * * *
The giant cockroach completely misses you.
The gnoll bouda is distracted by your dazzling golden aura.
The gnoll bouda shouts!
Your Unarmed Combat skill increases to level 6!
You hit the giant cockroach.
You kill the giant cockroach!
The gnoll bouda is no longer distracted by gold.
The gnoll closely misses you. The gnoll bouda closely misses you.
You punch the gnoll bouda! You bite the gnoll bouda!
The gnoll bouda is severely wounded.
The gnoll hits you from afar with a +0 halberd!
* * * LOW HITPOINT WARNING * * *
The gnoll is distracted by your dazzling golden aura.
A gnoll comes into view. It is wielding a staff of air.
The gnoll bouda hits you with a +0 club.
You die...
Your body crumbles into a pile of gold.

# # ,.. .#.#.# ..# **
#.##.##..### ,
#.##........ * * * , #
#...........
###.##..#.#....#
#....<.........#
#.#.##..#$#....##
.........W$g..g.. ,
######........?..g....##
...........#####.####g#
,, #######..## #.# * # .
#.# # #g. ,,,, # * #..,
, , # , #.## * # * * *


You could see a gnoll bouda, 3 gnolls and a goblin.

Vanquished Creatures
  A hound (D:4)
  4 gnolls
  An adder (D:4)
  A worm (D:2)
  A dart slug (D:3)
  5 endoplasms
  5 giant cockroaches
  5 goblins
  5 hobgoblins
  3 jackals (D:2)
  A quokka (D:3)
  2 ball pythons (D:3)
  7 bats
  A frilled lizard (D:1)
  4 kobolds
  7 rats
53 creatures vanquished.

Notes
Turn   | Place    | Note
-------+----------+-------------------------------------------
     0 | D:1      | lunkers the Meteoran Shapeshifter began the quest for the
                  | Orb.
     0 | D:1      | Reached XP level 1. HP: 16/16 MP: 2/2
    88 | D:1      | Reached XP level 2. HP: 19/23 MP: 3/3
   103 | D:1      | Found a faded altar of an unknown god.
   189 | D:1      | Reached skill level 4 in Unarmed Combat
   335 | D:1      | Reached XP level 3. HP: 28/28 MP: 4/4
   792 | D:3      | Reached XP level 4. HP: 13/35 MP: 5/5
   793 | D:3      | Reached skill level 5 in Unarmed Combat
   964 | D:3      | Reached XP level 5. HP: 40/40 MP: 6/6
  1028 | D:4      | Found a staircase to the Ecumenical Temple.
  1090 | Temple   | Entered the Ecumenical Temple
  1099 | Temple   | Became a worshipper of Gozag Ym Sagoz the Greedy
  1651 | D:4      | Reached skill level 6 in Unarmed Combat
  1652 | D:4      | HP: 1/22 [gnoll/+0 halberd[a gnoll bouda] (8)]
  1652 | D:4      | Slain by a gnoll bouda

Illustrated notes

Levels and vault maps discovered:
D:1:      dpeg_arrival_round_c, layout_loops_cross,
          hellmonk_ecumenical_altar_leap_of_faith, dk_noncrumbling_4
D:2:      layout_rooms, minmay_misc_feat_encased, kennysheep_doodads
D:3:      layout_rooms
D:4:      layout_loops_ring, kennysheep_mini_moat, okawaru_altar_gauntlet_db,
          temple_doors_e
Temple:   eino_temple_lava

Skill      XL: |  1  2  3  4  5 |
---------------+----------------+-----
Unarmed Combat | 4 5 6 |  6.0
Shapeshifting  | 4 |  4.6
Fighting       | |  1.1
Dodging        | |  2.1

Action                     |  1- 3 |  4- 6 || total
---------------------------+-------+-------++-------
  Melee: Unarmed           |    80 |    38 ||   118
         Punch             |     3 |     2 ||     5
         Maw               |       |     2 ||     2
    Use: Potion            |     1 |       ||     1
 Armour: Animal skin       |    23 |       ||    23
         Skin              |    13 |    16 ||    29
         Ring mail         |     6 |     8 ||    14
  Dodge: Dodged            |    45 |    15 ||    60
  Block: Buckler           |       |     5 ||     5
   Form: Maw               |       |     1 ||     1

Table legend: (Time is in decaauts)
 A = Elapsed time spent in this place.
 B = Non-inter-level travel time spent in this place.
 C = Inter-level travel time spent in this place.
 D = Time resting spent in this place.
 E = Time spent auto-exploring this place.
 F = Levels seen in this place.
 G = Mean time per level.
                   A        B        C        D        E       F      G
               +--------+--------+--------+--------+--------+-----+--------+
         Total |   1643 |   1474 |    169 |      0 |    935 |   5 |  328.6 |
       Dungeon |   1624 |   1464 |    160 |      0 |    935 |   4 |  406.0 |
        Temple |     18 |      9 |      9 |      0 |      0 |   1 |   18.0 |
               +--------+--------+--------+--------+--------+-----+--------+

Top non-repeatable levels by time:
     D:1: 692 daAuts
     D:2: 515 daAuts
     D:3: 311 daAuts
     D:4: 105 daAuts
  Temple: 18 daAuts
